AoeStats
← zagor

Black Forest

509174191Analyzed
4v4 RM · 5d ago on Sep 25, 2026· 73m 37s· 8 players
Game mode
Random Map
Map size
Large (8 player)
Population
200
Speed
Normal
Resources
Standard
Victory
Conquest
Starting age
Dark Age
Ending age
Imperial Age
RankedLock teamsTeams togetherTeam positionsShared explorationLock speedFull tech treeHidden civsTurbo modeCheats
Victory
Defeat
🇹🇷 Franks · Türkiye
799
+10
🇹🇷 Romans · Türkiye
774
+11
🇧🇷 Mongols · Brazil
745
+12
🇬🇧 Britons · United Kingdom
520
+20
🇰🇿 Tatars · Kazakhstan
699
-15
🇨🇴 Celts · Colombia
658
-14
🇹🇷 Chinese · Türkiye
627
-12
🇹🇷 Teutons · Türkiye
609
-12
ASİL_TÜRK
0:40 Loom
14:51 Feudal Age
16:30 Double-Bit Axe
16:28 Horse Collar
19:43 Wheelbarrow
28:11 Castle Age
26:14 Stone Mining
26:14 Gold Mining
26:40 Forging
26:30 Scale Mail Armor
26:32 Padded Archer Armor
26:22 Fletching
29:22 Bow Saw
31:38 Stone Shaft Mining
34:21 Fortified Wall
38:24 Imperial Age
37:53 Ballistics
38:56 Coinage
39:39 Elite Teutonic Knight
42:36 Hand Cart
44:18 Chemistry
44:11 Ironclad
44:49 Cavalier
45:40 Bloodlines
51:30 Paladin
murovev1972
14:20 Feudal Age
16:14 Loom
16:28 Horse Collar
21:47 Castle Age
22:04 Double-Bit Axe
27:42 Heavy Plow
28:21 Stone Mining
28:22 Gold Mining
30:15 Wheelbarrow
32:27 Gold Shaft Mining
32:05 Scale Barding Armor
32:11 Forging
35:29 Chain Barding Armor
35:45 Iron Casting
35:34 Hand Cart
37:53 Imperial Age
38:27 Husbandry
38:38 Bloodlines
39:10 Plate Barding Armor
39:37 Blast Furnace
39:02 Conscription
38:03 Elite Keshik
42:42 Bow Saw
44:05 Caravan
56:37 Onager
EL THANOS
0:52 Loom
12:57 Feudal Age
13:43 Double-Bit Axe
22:44 Castle Age
21:56 Horse Collar
22:09 Stone Mining
22:11 Gold Mining
23:35 Bow Saw
23:47 Heavy Plow
29:33 Gold Shaft Mining
35:53 Imperial Age
34:03 Wheelbarrow
34:58 Caravan
35:05 Padded Archer Armor
34:56 Fletching
35:40 Hand Cart
35:41 Masonry
34:56 Pikeman
36:58 Ballistics
36:37 Town Watch
36:36 Heavy Scorpion
38:31 Chemistry
37:57 Town Patrol
37:40 Capped Ram
38:55 Onager
40:06 Siege Ram
41:06 Bodkin Arrow
44:49 Coinage
44:30 Guilds
44:56 Furor Celtica
45:15 Leather Archer Armor
47:18 Banking
47:14 Siege Onager
48:42 Forging
48:33 Scale Mail Armor
49:05 Ring Archer Armor
51:04 Siege Engineers
56:54 Chain Mail Armor
NebulaTR
1:31 Loom
14:23 Feudal Age
16:03 Wheelbarrow
15:11 Horse Collar
15:28 Stone Mining
18:20 Double-Bit Axe
24:24 Castle Age
25:24 Hand Cart
26:12 Stone Shaft Mining
25:28 Gold Mining
27:45 Heavy Plow
28:01 Bow Saw
28:32 Elite Skirmisher
36:59 Imperial Age
35:33 Scale Barding Armor
35:29 Padded Archer Armor
35:29 Scale Mail Armor
37:45 Chain Barding Armor
37:41 Leather Archer Armor
37:38 Forging
39:24 Caravan
39:51 Light Cavalry
40:42 Bloodlines
40:32 Husbandry
40:27 Man-at-Arms
41:09 Squires
40:30 Pikeman
42:26 Ring Archer Armor
42:12 Chain Mail Armor
42:32 Iron Casting
41:47 Fletching
42:37 Crossbowman
43:21 Arbalester
44:21 Cavalier
45:32 Heavy Rocket Cart
47:04 Fletching
47:51 Iron Casting
47:50 Plate Mail Armor
47:56 Plate Barding Armor
51:56 Two-Man Saw
52:38 Great Wall
52:02 Elite Chu Ko Nu
54:37 Gold Shaft Mining
55:39 Thumb Ring
59:36 Chemistry
58:09 Long Swordsman
63:37 Bombard Tower
67:48 Coinage
67:12 Two-Handed Swordsman
Mertzman
15:34 Feudal Age
16:00 Horse Collar
16:22 Double-Bit Axe
16:54 Town Watch
18:23 Wheelbarrow
17:39 Man-at-Arms
18:52 Gold Mining
19:45 Forging
20:14 Loom
21:15 Scale Barding Armor
21:13 Padded Archer Armor
21:04 Fletching
21:15 Scale Mail Armor
21:10 Stone Mining
27:02 Castle Age
28:30 Hand Cart
28:16 Town Patrol
28:39 Heavy Plow
29:17 Gold Shaft Mining
29:23 Iron Casting
30:00 Bodkin Arrow
30:21 Leather Archer Armor
31:09 Chain Mail Armor
31:33 Caravan
31:50 Bow Saw
33:07 Gambesons
33:23 Squires
33:09 Arson
39:36 Imperial Age
37:38 Yeomen
37:51 Murder Holes
38:09 Masonry
39:38 Treadmill Crane
40:21 Ballistics
39:41 Elite Longbowman
40:45 Conscription
41:07 Architecture
41:43 Chemistry
42:05 Fortified Wall
41:41 Arrowslits
44:23 Hoardings
46:19 Warwolf
47:04 Guard Tower
48:03 Illumination
47:56 Block Printing
47:54 Fervor
48:07 Sanctity
47:51 Devotion
48:28 Theocracy
47:49 Herbal Medicine
54:03 Blast Furnace
53:33 Plate Mail Armor
53:34 Ring Archer Armor
53:05 Bracer
54:04 Onager
56:01 Keep
63:18 Siege Engineers
zagor
0:28 Loom
12:58 Feudal Age
17:15 Castle Age
15:31 Double-Bit Axe
16:00 Horse Collar
16:15 Stone Mining
16:16 Gold Mining
18:27 Bow Saw
19:09 Wheelbarrow
19:44 Heavy Plow
20:35 Gold Shaft Mining
23:09 Hand Cart
33:30 Imperial Age
31:38 Padded Archer Armor
32:54 Ballistics
32:32 Fletching
34:00 Scale Mail Armor
35:34 Chemistry
35:01 Ballistas
35:48 Caravan
35:50 Murder Holes
36:07 Masonry
38:01 Conscription
38:20 Leather Archer Armor
38:21 Chain Mail Armor
38:42 Bodkin Arrow
38:59 Forging
38:56 Squires
38:20 Man-at-Arms
39:20 Long Swordsman
39:22 Pikeman
41:14 Iron Casting
41:22 Architecture
41:35 Ring Archer Armor
41:28 Siege Engineers
42:53 Crop Rotation
43:49 Blast Furnace
42:56 Heavy Scorpion
44:19 Legionary
50:30 Capped Ram
51:40 Halberdier
60:31 Siege Ram
66:58 Coinage
yeniçeri
0:30 Loom
13:40 Feudal Age
18:02 Castle Age
16:44 Double-Bit Axe
18:06 Gold Mining
19:12 Bow Saw
20:51 Wheelbarrow
21:50 Stone Mining
23:59 Gold Shaft Mining
25:03 Hand Cart
36:16 Imperial Age
33:32 Town Watch
34:29 Town Patrol
34:32 Caravan
36:25 Padded Archer Armor
36:16 Fletching
36:39 Husbandry
36:58 Scale Mail Armor
38:01 Chemistry
37:08 Scale Barding Armor
37:15 Forging
37:44 Cavalier
39:16 Chivalry
39:37 Conscription
42:07 Leather Archer Armor
41:48 Bodkin Arrow
42:10 Chain Mail Armor
42:32 Iron Casting
42:18 Chain Barding Armor
42:20 Ballistics
42:11 Masonry
41:41 Treadmill Crane
46:13 Paladin
47:30 Pikeman
48:13 Squires
51:20 Architecture
51:02 Fortified Wall
50:42 Guard Tower
51:30 Plate Barding Armor
51:27 Plate Mail Armor
51:57 Blast Furnace
51:01 Elite Throwing Axeman
52:03 Conscription
52:19 Hoardings
54:17 Murder Holes
54:32 Clinker Construction
61:23 Ordonnance Companies
65:43 Arrowslits
66:03 Siphons
66:13 Careening
66:09 Siege Engineers
66:24 Carvel Hull
66:46 Coinage
68:13 Halberdier
71:17 Dry Dock
leticiav1995
0:33 Loom
12:18 Feudal Age
20:47 Castle Age
20:31 Double-Bit Axe
20:30 Horse Collar
23:36 Stone Mining
23:37 Gold Mining
25:06 Stone Shaft Mining
25:45 Heavy Plow
26:11 Caravan
28:12 Wheelbarrow
29:42 Gold Shaft Mining
30:31 Hand Cart
30:59 Bow Saw
36:00 Imperial Age
34:15 Scale Barding Armor
34:10 Scale Mail Armor
34:10 Padded Archer Armor
34:01 Fletching
34:21 Forging
36:10 Chain Barding Armor
36:06 Chain Mail Armor
37:04 Thumb Ring
37:06 Elite Mangudai
38:18 Leather Archer Armor
38:46 Parthian Tactics
40:14 Elite Steppe Lancer
40:57 Husbandry
41:08 Bloodlines
41:52 Bodkin Arrow
42:43 Onager
44:49 Chemistry
44:09 Ballistics
45:23 Cavalier
48:23 Siege Onager
57:21 Pikeman
58:01 Squires
64:41 Plate Mail Armor
64:47 Iron Casting
65:04 Crossbowman
65:06 Elite Skirmisher
71:03 Masonry
Connection lost

Rejoining the realm…

Still unreachable

The connection could not be restored.

Session expired

The server has moved on; the page needs a fresh start.